 Dungeon Crawl Stone Soup version 0.24.0-123-gd5b16e6ec5 (webtiles) character file.

Game seed: 2422593000108170780, levelgen mode: deterministic

8596 yoojungah the Nimble (level 11, -6/56 HPs)
             Began as a Spriggan Abyssal Knight on Jan 15, 2020.
             Was an Elder of Lugonu.
             Mangled by a wolf spider (glowing shapeshifter) (8 damage)
             ... while paralysed by a floating eye
             ... in a Gauntlet.
             The game lasted 00:52:53 (15437 turns).

yoojungah the Nimble (Spriggan Abyssal Knight)     Turns: 15437, Time: 00:52:54

Health: -6/56      AC:  7    Str: 17    XL:     11   Next: 12%
Magic:  13/13      EV:  4    Int: 16    God:    Lugonu [****..]
Gold:   651        SH:  0    Dex: 18    Spells: 10/10 levels left

rFire    x x .     SeeInvis +   a - +1 spear
rCold    + . .     Gourm    .   q - +0 buckler
rNeg     . . .     Faith    .   K - +1 robe "Ysylu" {rPois rF- Str+6 Int+2} (curse)
rPois    +         Spirit   .   (helmet restricted)
rElec    .         Reflect  .   x - +2 cloak
rCorr    .         Harm     .   (gloves unavailable)
MR       +....     NoTele   +   (boots unavailable)
Stlth    +++.......             (no amulet)
HPRegen  0.18/turn              j - +1 ring of protection
MPRegen  0.13/turn              s - ring of ice

@: paralysed, very quick
A: very small, unfitting armour, antennae 1, see invisible, agile 1, herbivore,
speed 3, mutation resistance 1, slow metabolism 2
a: Depart the Abyss, Bend Space, Banish, Corrupt, Renounce Religion


You were in a Gauntlet.
You worshipped Lugonu.
Lugonu was greatly pleased with you.
You were not hungry.

You visited 1 branch of the dungeon, and saw 12 of its levels.
You visited the Abyss 1 time.
You also visited: Gauntlet.

You collected 651 gold pieces.

Inventory:

Hand Weapons
 a - a +1 spear (weapon)
 t - a cursed -3 spear
Missiles
 f - 5 poisoned darts (quivered)
 O - 3 boomerangs
Armour
 b - a +0 robe
 q - a +0 buckler (worn)
 r - a +0 cloak
 x - a +2 cloak (worn)
 K - the cursed +1 robe "Ysylu" (worn) {rPois rF- Str+6 Int+2}
   (You found it on level 7 of the Dungeon)

   It affects your strength (+6).
   It affects your intelligence (+2).
   It makes you vulnerable to fire.
   It protects you from poison.
   It has a curse placed upon it.
Magical Staves
 A - an uncursed staff of death {unknown}
Jewellery
 j - a +1 ring of protection (left hand)
 s - a ring of ice (right hand)
Wands
 g - a wand of disintegration (6)
 w - a wand of random effects (31)
 D - a wand of flame (25)
 G - a wand of clouds (4)
 J - a wand of enslavement (13)
Scrolls
 d - 4 scrolls of amnesia {unknown}
 i - 3 scrolls of teleportation
 l - 10 scrolls of remove curse
 n - 2 scrolls of enchant armour {unknown}
 p - a scroll of immolation {unknown}
 v - a scroll of blinking
 y - a scroll of noise {unknown}
 L - 2 scrolls of enchant weapon {unknown}
 M - a scroll of fog {unknown}
 N - a scroll of fear {unknown}
Potions
 e - 3 potions of flight
 k - a potion of lignification
 m - 5 potions of curing
 o - a potion of might {unknown}
 z - 2 potions of berserk rage
 B - a potion of magic {unknown}
 E - 2 potions of ambrosia
 F - 2 potions of brilliance
 H - 5 potions of heal wounds
 I - 2 potions of agility {unknown}
 P - a potion of haste {unknown}
Comestibles
 c - 13 rations


   Skills:
 + Level 5.6 Fighting
 + Level 8.3 Polearms
 - Level 3.7 Throwing
 + Level 10.6 Dodging
 - Level 3.5 Stealth
 * Level 6.6 Shields
 + Level 1.8 Invocations
 - Level 1.5 Evocations


You had 10 spell levels left.
You didn't know any spells.
Your spell library was empty.

Dungeon Overview and Level Annotations

Branches:
Dungeon (12/15)            Temple (0/1) D:4            Lair (0/6) D:10
Gauntlet (1/1)
    Orc: D:9-12

Altars:
Dithmenos
Fedhas
Gozag
Nemelex Xobeh
Okawaru
Ru
Trog

Annotations:
D:3 1 runed translucent door, dhn100's ghost, weakling FeWz
D:4 exclusion: 2 downstairs
D:5 exclusion: downstairs, Dowan; Duvessa; mortelune's ghost, amateur GrFE
D:7 DrOrange's ghost, novice OgWz
D:11 DadFather's ghost, journeyman CeHu Gauntlet 7 transporters, exclusion: orange crystal statue


Innate Abilities, Weirdness & Mutations

You are very small and have problems with some larger weapons.
You are too small for most types of armour.
You have supernaturally acute eyesight. (SInv)
You are a herbivore.
You cover ground extremely quickly.
You need to consume almost no food.
You have a pair of small antennae on your head.
You are agile. (Dex +2)
You are somewhat resistant to further mutation.


Message History

The floating eye pulsates ominously.
There is a transporter here.
You enter the transporter and appear at another place.
The floating eye's stare focuses on you.
An ice beast comes into view.
The floating eye gazes piercingly through you!
You suddenly lose the ability to move!
The ice beast barely misses you. The floating eye's view fixates on you.
The wolf spider hits you! The wolf spider bites you. The ice beast hits you.
The ice beast freezes you. You resist. The wolf spider hits you!
The wolf spider bites you!
* * * LOW HITPOINT WARNING * * *
The wolf spider closely misses you. The wolf spider bites you.
* * * LOW HITPOINT WARNING * * *
The ice beast hits you but does no damage.
The wolf spider hits you.
* * * LOW HITPOINT WARNING * * *
The wolf spider bites you!
You die...

##§....#©#.....#.........
#≈..#########..#.##...##.
##..#.......#..#.#.###.#.
#≈..####.####..#..##^##^.
##..#..#.#..#..#....©....
#≈..#.##©##.#..#.^##^##^.
##..#.#...#.#..#.#.###.#.
#≈..#.#GsY#.#..#.##.8.##.
##..#.!%@[..#..#..=!©)...
#≈..#########..##########
##...........∩..........§
#§.......§.§.....§§....§§
###≈#≈#≈#≈########≈#≈#≈#§
#########.©..©.########
#......# ..........
............


You could see a wolf spider shaped shifter, an ice beast and a floating eye.

Vanquished Creatures
  Erolcha (D:9)
  2 two-headed ogres (D:9)
  An ice statue (Gauntlet)
  2 rime drakes (Gauntlet)
  3 hippogriffs
  A spriggan (D:11)
  A hungry ghost (D:11)
  4 yaks (D:10)
  2 two-headed ogre zombies (D:11)
  A floating eye (Gauntlet)
  6 ice beasts
  2 orc warriors
  A black bear (D:5)
  A necrophage (D:8)
  7 centaurs
  An ogre (D:10)
  4 bullfrogs
  A wyvern zombie (D:9)
  A wyvern skeleton (D:6)
  4 scorpions
  10 killer bees
  4 howler monkeys
  A crimson imp (D:9)
  5 hounds
  5 jellies
  4 orc wizards
  2 orc priests
  3 centaur skeletons
  Crazy Yiuf (D:2)
  3 iguanas
  2 bullfrog skeletons
  Terence (D:2)
  9 worker ants
  A killer bee zombie (D:7)
  4 ogre zombies (D:11)
  A hound skeleton (D:4)
  Robin (D:2)
  A howler monkey skeleton (D:4)
  A worker ant zombie (D:7)
  8 gnolls
  10 adders
  2 shadow imps
  An ooze (D:5)
  An adder zombie (D:9)
  2 worms (D:2)
  2 dart slugs (D:2)
  3 leopard geckos
  21 orcs
  A ball python (D:1)
  4 bats
  5 giant cockroaches
  6 hobgoblins
  4 jackals (D:3)
  6 kobolds
  2 quokkas
  3 frilled lizards
  A giant cockroach zombie (D:6)
  15 goblins
  A goblin skeleton (D:11)
  2 goblin zombies (D:11)
  A hobgoblin skeleton (D:11)
  3 hobgoblin zombies (D:11)
  An orc skeleton (D:11)
  11 orc zombies (D:11)
  2 quokka zombies (D:5)
  6 rats
229 creatures vanquished.

Vanquished Creatures (others)
  4 starspawn tentacles (Abyss:1)
  14 withered plants (Gauntlet)
18 creatures vanquished.

Grand Total: 247 creatures vanquished

Notes
Turn   | Place    | Note
-------+----------+-------------------------------------------
     0 | Abyss:1  | yoojungah the Spriggan Abyssal Knight began the quest for
                  | the Orb.
     0 | Abyss:1  | Reached XP level 1. HP: 11/11 MP: 3/3
    53 | Abyss:1  | Noticed a purple very ugly thing
    60 | Abyss:1  | Noticed a tentacled starspawn
    93 | Abyss:1  | Noticed a starcursed mass
   148 | Abyss:1  | Noticed a starcursed mass
   150 | Abyss:1  | Noticed a large abomination
   173 | Abyss:1  | Noticed a tentacled starspawn
   175 | Abyss:1  | Noticed a neqoxec
   176 | Abyss:1  | Gained mutation: You are dopey. (Int -2) [a neqoxec]
   202 | D:1      | Escaped the Abyss
   442 | D:1      | Reached XP level 2. HP: 16/16 MP: 4/4
   593 | D:1      | Reached * piety under Lugonu
   603 | D:1      | Reached skill level 4 in Dodging
   798 | D:2      | Reached XP level 3. HP: 19/19 MP: 5/5
  1089 | D:2      | Noticed Terence
  1353 | D:2      | Noticed Robin
  1416 | D:2      | Killed Robin
  1416 | D:2      | Reached skill level 1 in Stealth
  1416 | D:2      | Reached XP level 4. HP: 20/24 MP: 6/6
  1563 | D:2      | Reached skill level 1 in Throwing
  1564 | D:2      | Killed Terence
  1927 | D:2      | Found a runed translucent door.
  1928 | D:2      | Noticed Crazy Yiuf
  1972 | D:2      | Killed Crazy Yiuf
  1972 | D:2      | Reached XP level 5. HP: 28/28 MP: 7/7
  2085 | D:3      | Reached ** piety under Lugonu
  2246 | D:3      | Found a runed translucent door.
  2249 | D:3      | Noticed dhn100's ghost (weakling FeWz)
  2360 | D:3      | Found a sacrificial altar of Ru.
  2535 | D:3      | Found an iron altar of Okawaru.
  3034 | D:4      | Reached skill level 1 in Shields
  3034 | D:4      | Reached XP level 6. HP: 22/32 MP: 8/8
  3886 | D:4      | Found a sparkling altar of Nemelex Xobeh.
  3965 | D:4      | Found a staircase to the Ecumenical Temple.
  3993 | D:5      | Entered Level 5 of the Dungeon
  4014 | D:4      | Reached skill level 5 in Dodging
  4253 | D:5      | Noticed an ice beast
  4323 | D:4      | Killed an ice beast
  4323 | D:4      | Reached XP level 7. HP: 29/36 MP: 9/9
  4857 | D:5      | Noticed Duvessa
  4857 | D:5      | Noticed Dowan
  5786 | D:5      | Reached XP level 8. HP: 41/41 MP: 10/10
  6129 | D:5      | Reached skill level 6 in Dodging
  6209 | D:6      | Found a runed translucent door.
  6209 | D:6      | Noticed mortelune's ghost (amateur GrFE)
  6351 | D:6      | Reached *** piety under Lugonu
  7111 | D:6      | Reached skill level 5 in Polearms
  7938 | D:7      | Found a transporter.
  7944 | D:7      | Found a bloodstained altar of Trog.
  7958 | D:7      | Noticed DrOrange's ghost (novice OgWz)
  7969 | D:7      | Noticed a moth of wrath
  8047 | D:7      | Identified the cursed +0 great mace "Ugey" {crush, rElec
                  | rF+ rC++ Str-2}
  8083 | D:7      | Found an opulent altar of Gozag.
  8278 | D:7      | Found a transporter.
  8457 | D:8      | Found a blossoming altar of Fedhas.
  8469 | D:8      | Noticed a hippogriff
  8489 | D:8      | Killed a hippogriff
  8489 | D:8      | Reached skill level 7 in Dodging
  8489 | D:8      | Reached XP level 9. HP: 45/45 MP: 11/11
  8674 | D:8      | Lost mutation: You are dopey. (Int -2) [potion of mutation]
  8674 | D:8      | Gained mutation: You have large cloven feet. [potion of
                  | mutation]
  8674 | D:8      | Gained mutation: You are partially covered in yellow
                  | scales. (AC +2) [potion of mutation]
  8674 | D:8      | Gained mutation: You have a pair of small antennae on your
                  | head. [potion of mutation]
  8675 | D:8      | Lost mutation: You have large cloven feet. [potion of
                  | mutation]
  8675 | D:8      | Lost mutation: You are partially covered in yellow scales.
                  | (AC +2) [potion of mutation]
  8675 | D:8      | Gained mutation: Your body sometimes deteriorates upon
                  | taking damage. [potion of mutation]
  8675 | D:8      | Gained mutation: You tend to lose your temper in combat.
                  | [potion of mutation]
  8675 | D:8      | Gained mutation: You are resistant to hostile enchantments.
                  | (MR+) [potion of mutation]
  8713 | D:8      | Reached skill level 1 in Evocations
  9244 | D:8      | Reached skill level 8 in Dodging
  9722 | D:9      | Reached skill level 5 in Shields
  9858 | D:9      | Noticed a two-headed ogre
  9918 | D:9      | Killed a two-headed ogre
  9918 | D:9      | Reached XP level 10. HP: 50/50 MP: 12/12
 10141 | D:9      | Found a shadowy altar of Dithmenos.
 11142 | D:9      | Noticed a two-headed ogre
 11178 | D:9      | Killed a two-headed ogre
 11178 | D:9      | Reached skill level 5 in Fighting
 11178 | D:9      | Reached skill level 9 in Dodging
 11349 | D:9      | Noticed Erolcha
 11377 | D:9      | Killed Erolcha
 11630 | D:7      | Got a fine robe
 11647 | D:7      | Identified the cursed +1 robe "Ysylu" {rPois rF- Str+6
                  | Int+2} (You found it on level 7 of the Dungeon)
 11692 | D:10     | Entered Level 10 of the Dungeon
 12277 | D:10     | Lost mutation: You are resistant to hostile enchantments.
                  | (MR+) [potion of mutation]
 12277 | D:10     | Lost mutation: Your body sometimes deteriorates upon taking
                  | damage. [potion of mutation]
 12277 | D:10     | Gained mutation: You are weak. (Str -2) [potion of
                  | mutation]
 12277 | D:10     | Gained mutation: You are agile. (Dex +2) [potion of
                  | mutation]
 12277 | D:10     | Gained mutation: You are somewhat resistant to further
                  | mutation. [potion of mutation]
 12444 | D:10     | Found a staircase to the Lair.
 12464 | D:10     | Reached skill level 10 in Dodging
 12482 | D:10     | Reached **** piety under Lugonu
 13355 | D:11     | Found a runed translucent door.
 13355 | D:11     | Noticed DadFather's ghost (journeyman CeHu)
 14120 | D:11     | Noticed a cyclops
 14440 | D:12     | Found a gate leading to a gauntlet.
 14445 | Gauntlet | Entered a Gauntlet
 14445 | Gauntlet | Found a transporter.
 14445 | Gauntlet | Found a transporter.
 14445 | Gauntlet | Found a transporter.
 14446 | Gauntlet | Found a transporter.
 14446 | Gauntlet | Noticed a shining eye
 14448 | Gauntlet | Found a transporter.
 14450 | Gauntlet | Found a transporter.
 14450 | Gauntlet | Noticed a wizard
 14455 | Gauntlet | Noticed an ice statue
 14459 | Gauntlet | Found a transporter.
 14460 | Gauntlet | Found a transporter.
 14461 | Gauntlet | Found a transporter.
 14462 | Gauntlet | Found a transporter.
 14463 | Gauntlet | Noticed a salamander
 14469 | Gauntlet | Found a transporter.
 14469 | Gauntlet | Found a transporter.
 14469 | Gauntlet | Noticed an orange crystal statue
 14562 | Gauntlet | Found a runed translucent door.
 14571 | Gauntlet | Noticed a death drake
 14571 | Gauntlet | a dream sheep changed into a death drake
 14577 | Gauntlet | Noticed a glowing orange brain
 14577 | Gauntlet | a death drake changed into a glowing orange brain
 14581 | Gauntlet | a glowing orange brain changed into a snapping turtle
 14594 | Gauntlet | Noticed a water nymph
 14630 | Gauntlet | Paralysed by a floating eye for 4 turns
 14638 | Gauntlet | Paralysed by a floating eye for 4 turns
 14649 | Gauntlet | Paralysed by a floating eye for 3 turns
 14653 | Gauntlet | Reached XP level 11. HP: 56/56 MP: 13/13
 14654 | Gauntlet | Lost mutation: You tend to lose your temper in combat.
                  | [potion of mutation]
 14654 | Gauntlet | Lost mutation: You are weak. (Str -2) [potion of mutation]
 15295 | Gauntlet | Noticed a two-headed ogre
 15297 | Gauntlet | a two-headed ogre changed into a faun
 15304 | Gauntlet | Noticed a glowing orange brain
 15304 | Gauntlet | a faun changed into a glowing orange brain
 15424 | Gauntlet | Noticed a deep troll
 15427 | Gauntlet | Noticed a wolf spider
 15427 | Gauntlet | a deep troll changed into a wolf spider
 15434 | Gauntlet | Paralysed by a floating eye for 4 turns
 15437 | Gauntlet | HP: 2/56 [wolf spider (glowing shapeshifter) (6)]
 15437 | Gauntlet | Mangled by a wolf spider (glowing shapeshifter)

Levels and vault maps discovered:
D:1:      psy_arrival_spokes, layout_rooms, minivault_25
D:2:      layout_loops_ring, uniq_terence, uniq_robin, uniq_crazy_yiuf_cottage
D:3:      layout_loops_cross, nicolae_ru_the_path_less_chosen, first_ration,
          ebering_ghost_sewer_d, serial_bayou_ford_a,
          hangedman_abyss_or_decor_stabs, kennysheep_okawaru_gauntlet
D:4:      layout_loops_ring, temple_hall_moat, minmay_misc_feat_four_crosses,
          nemelex_lonely_heart_becter
D:5:      layout_rooms, uniq_duvessa
D:6:      layout_cave_pools, hellmonk_ghost_happy_afterlife
D:7:      layout_cave_pools, kennysheep_mini, gammafunk_ghost_wrathful_warriors
D:8:      layout_rooms, kennysheep_mini_moat
D:9:      minmay_razor_zed, layout_layer_cave, lemuel_doored_altar, uniq_erolcha
D:10:     layout_basic, lair_entry_dummy, due_unseen_surprise
D:11:     layout_roguey, zombieorc2_lemuel, hellmonk_ghost_happy_afterlife,
          the_bakery
D:12:     layout_roguey, gauntlet_entry_generic, tgw_lugonu_bribe
Gauntlet: minmay_gauntlet_mixed_big_or_small [nicolae_gauntlet_swirl,
          minmay_gauntlet_arena_77_checkered,
          gammafunk_gauntlet_arena_arrow_garden, minmay_gauntlet_arena_77_path,
          gammafunk_gauntlet_arena_corners, minmay_gauntlet_arena_77_mirror,
          gauntlet_exit_hidden_loot]

Skill      XL: |  1  2  3  4  5  6  7  8  9 10 |
---------------+-------------------------------+-----
Dodging        | 4 5 7 8 10 | 10.6
Polearms       | 2 3 4 5 6 8 |  8.3
Fighting       | 3 4 5 |  5.6
Stealth        | 1 2 3 |  3.5
Throwing       | 2 3 |  3.7
Shields        | 1 2 4 5 6 |  6.6
Evocations     | 1 |  1.5
Invocations    | |  1.8

Action                   |  1- 3 |  4- 6 |  7- 9 | 10-12 || total
-------------------------+-------+-------+-------+-------++-------
Melee: Spear             |   102 |   210 |   584 |   533 ||  1429
Throw: Dart              |    33 |    65 |   106 |    71 ||   275
       Boomerang         |       |       |       |    13 ||    13
Invok: Depart the Abyss  |     1 |       |       |       ||     1
Evoke: Wand              |       |       |    14 |    14 ||    28
  Use: Scroll            |       |     7 |     2 |     5 ||    14
       Potion            |       |     1 |     2 |     3 ||     6
 Stab: Sleeping          |     2 |     5 |     6 |     1 ||    14
       Distracted        |       |       |       |     1 ||     1
       Confused          |       |       |       |     1 ||     1
  Eat: Ration            |       |     1 |     3 |     4 ||     8
Armor: Robe              |     6 |    17 |    44 |    25 ||    92
Dodge: Dodged            |    63 |   108 |   321 |   233 ||   725
Block: Buckler           |       |    43 |   124 |    99 ||   266
